 Dungeon Crawl Stone Soup version 0.19.4-9-g45fd643 (webtiles) character file.

281 oplop the Chiller (level 6, -2/41 HPs)
             Began as an Octopode Ice Elementalist on Feb 20, 2017.
             Killed from afar by an orc wizard (8 damage)
             ... with a magic dart
             ... on level 4 of the Dungeon.
             The game lasted 00:07:37 (3731 turns).

oplop the Chiller (Octopode Ice Elementalist)       Turns: 3731, Time: 00:07:39

Health: -2/41      AC:  1    Str: 11    XL:     6   Next: 27%
Magic:  3/11       EV: 13    Int: 19    God:
Gold:   71         SH:  0    Dex: 13    Spells: 3 memorised, 4 levels left

rFire  . . .     SeeInvis .     u - +0 dagger (venom)
rCold  . . .     Gourm    .     (no shield)
rNeg   . . .     Faith    .     (helmet restricted)
rPois  .         Spirit   .     (no amulet)
rElec  .         Reflect  .     g - +4 ring of strength
rCorr  .         Harm     .     n - ring of wizardry
MR     .....                    (no ring)
Stlth  +++.......               (no ring)
                                (no ring)
                                (no ring)
                                (no ring)
                                (no ring)

@: very slightly contaminated
A: almost no armour, stealthy swim, amphibious, 8 rings, constrict 8, camouflage
1, gelatinous body 1
a: no special abilities


You were on level 4 of the Dungeon.
You were not hungry.

You visited 1 branch of the dungeon, and saw 4 of its levels.

You collected 71 gold pieces.

Inventory:

Hand Weapons
 f - a +0 dagger
 u - a +0 dagger of venom (weapon)
 w - a +0 blowgun
Missiles
 x - 6 curare-tipped needles
Jewellery
 g - a +4 ring of strength (left tentacle)
 n - a ring of wizardry (right tentacle)
Scrolls
 c - a scroll of enchant weapon {unknown}
 d - 2 scrolls of remove curse {unknown}
 e - 2 scrolls of teleportation {unknown}
 j - 2 scrolls of identify {unknown}
 k - 2 scrolls of magic mapping {unknown}
 m - a scroll of random uselessness {unknown}
 q - a scroll of amnesia {unknown}
Potions
 i - a potion of magic {unknown}
 l - a potion of cure mutation {unknown}
 o - a potion of agility {unknown}
 r - a potion of flight {unknown}
Books
 a - a book of Frost

   Spells                             Type                      Level
   a - Freeze                         Ice                          1
   b - Throw Frost                    Conjuration/Ice              2
   c - Ozocubu's Armour               Charms/Ice                   3
   d - Throw Icicle                   Conjuration/Ice              4
   e - Summon Ice Beast               Ice/Summoning                4
 t - a book of Misfortune

   Spells                             Type                      Level
   a - Confusing Touch                Hexes                        1
   b - Confuse                        Hexes                        3
   c - Gell's Gravitas                Hexes/Translocation          3
   d - Petrify                        Transmutation/Earth          4
   e - Metabolic Englaciation         Hexes/Ice                    5
   f - Yara's Violent Unravelling     Hexes/Transmutation          5
Comestibles
 b - 3 bread rations
 p - 3 meat rations
 s - 3 chunks of flesh


   Skills:
 + Level 2.6 Fighting
 - Level 2.0 Dodging
 - Level 2.6 Stealth
 + Level 3.6 Spellcasting
   Level 1.0 Conjurations
 * Level 0.4 Summonings
 * Level 5.0 Ice Magic


You had 4 spell levels left.
You knew the following spells:

 Your Spells              Type           Power        Failure   Level  Hunger
a - Freeze                Ice            ###.         1%          1    None
b - Ozocubu's Armour      Chrm/Ice       ##......     7%          3    ###....
c - Summon Ice Beast      Ice/Summ       ##......     22%         4    ####...


Dungeon Overview and Level Annotations

Branches:
Dungeon (4/15)
 Temple: D:4-7

Altars:
Fedhas


Innate Abilities, Weirdness & Mutations

You cannot wear most types of armour.
You are very stealthy in the water. (Stealth+)
You are amphibious.
You can wear up to eight rings at the same time.
You can use your tentacles to constrict eight enemies at once.
Your skin changes colour to match your surroundings (Stealth+).
Your rubbery body absorbs attacks. (AC +1, EV +1)


Message History

The orc wizard casts a spell at you. The magic dart hits you!
* * * LOW HITPOINT WARNING * * *
The orc hits you but does no damage. The orc wizard barely misses you.
You closely miss the orc wizard. You grab the orc wizard.
You constrict the orc wizard.
You constrict the orc wizard, but do no damage.
The orc wizard hits you with a dagger.
* * * LOW HITPOINT WARNING * * *
The orc hits you.
* * * LOW HITPOINT WARNING * * *
The orc wizard gestures wildly while chanting.
The orc wizard flickers and vanishes!
Deactivating autopickup; reactivate with Ctrl-A.
The orc wizard hits you with a dagger.
* * * LOW HITPOINT WARNING * * *
You feel better.
You constrict something. You constrict the orc wizard.
The orc wizard gestures at you while chanting.
The magic dart hits you!
You die...

..(.....#### #.##.#####.#
##.###.....###.#..##....#
##.......##....#..####
#.......<....#..<..#
.#...........###..#.###
...........#.##.........
..#.........#........#.##
.##.......o{#........#.#
.........Y@o..#.......#
##...........####....##
#..........## #....# #
#.............. ..### #
#.............. .## #
#..........#### #
##..........# #
#......##..# # o.#####.
....


You could see an orc wizard, an orc and a friendly ice beast.

Vanquished Creatures
  A scorpion (D:3)
  An orc priest (D:3)
  An orc wizard (D:3)
  Robin (D:3)
  5 adders
  A worm (D:2)
  2 dart slugs
  2 leopard geckos
  12 orcs
  A ball python (D:2)
  7 giant cockroaches
  19 goblins
  11 hobgoblins
  2 jackals (D:3)
  7 kobolds
  A quokka (D:3)
  5 bats
  6 frilled lizards
  7 rats
92 creatures vanquished.

Vanquished Creatures (collateral kills)
  An orc (D:3)
  A goblin (D:3)
  A hobgoblin (D:3)
3 creatures vanquished.

Grand Total: 95 creatures vanquished

Notes
Turn   | Place    | Note
-------+----------+-------------------------------------------
     0 | D:1      | oplop the Octopode Ice Elementalist began the quest for the Orb.
     0 | D:1      | Reached XP level 1. HP: 11/11 MP: 3/3
   113 | D:1      | Reached XP level 2. HP: 14/17 MP: 5/5
   632 | D:1      | Reached XP level 3. HP: 22/22 MP: 6/6
   683 | D:1      | Reached skill level 1 in Fighting
  1073 | D:2      | Found a blossoming altar of Fedhas.
  1197 | D:3      | Noticed Robin
  1293 | D:2      | Reached XP level 4. HP: 10/28 MP: 8/8
  1731 | D:3      | Reached skill level 4 in Ice Magic
  1731 | D:3      | Reached XP level 5. HP: 21/34 MP: 5/9
  1769 | D:3      | Learned a level 3 spell: Ozocubu's Armour
  2966 | D:3      | Reached XP level 6. HP: 33/41 MP: 7/11
  3216 | D:3      | Learned a level 4 spell: Summon Ice Beast
  3541 | D:3      | Killed Robin
  3557 | D:3      | Reached skill level 5 in Ice Magic
  3730 | D:4      | HP: 2/41 [orc (4)]
  3731 | D:4      | Killed from afar by an orc wizard

Skill      XL: |  1  2  3  4  5  6 |
---------------+-------------------+-----
Fighting       | 1 2 |  2.6
Spellcasting   | 3 |  3.6
Ice Magic      | 4 5 |  5.0
Dodging        | |  2.0
Stealth        | |  2.6
Conjurations   | |  1.0
Summonings     | |  0.4

Action                   |  1- 3 |  4- 6 || total
-------------------------+-------+-------++-------
Melee: Unarmed           |    21 |       ||    21
       Constrict         |    21 |    45 ||    66
       Tentacles         |    10 |    12 ||    22
       Dagger            |    48 |   109 ||   157
 Cast: Freeze            |     8 |    16 ||    24
       Ozocubu's Armour  |       |     1 ||     1
       Summon Ice Beast  |       |     3 ||     3
  Use: Potion            |       |     2 ||     2
 Stab: Sleeping          |    17 |     6 ||    23
       Distracted        |     1 |     1 ||     2
  Eat: Chunk             |     1 |     9 ||    10
Armor: Skin              |     1 |    13 ||    14
Dodge: Dodged            |    36 |    75 ||   111
